MID
BOWLING GREEN HOT RODS @ DELMARVA SHOREBIRDS
06/28/2048
 
TOP OF THE 1ST
Bowling Green Hot Rods batting - Pitching for Delmarva Shorebirds : RHP Wes Reynolds
Pitching: RHP Wes Reynolds
Batting: RHB Adam Turpin 0-0: Ball
1-0: Foul Ball, location: 2F
1-1: Ball
2-1: Ground out 3-1 (Groundball, 34S, EV 87.5 MPH)
Batting: SHB Wayne Hattan 0-0: Called Strike
0-1: Reached on error, E9 (Flyball, 9D, EV 85.0 MPH)
Batting: LHB Mario Ocana 0-0: 2-RUN HOME RUN (Flyball, 9LD, EV 96.2 MPH), Distance : 353 ft
Batting: LHB Rich Matthews 0-0: Called Strike
0-1: Ball
1-1: Foul Ball, location: 2F
1-2: Strikes out looking
Batting: RHB Isaiah Easter 0-0: Called Strike
0-1: Ball
1-1: Ground out 5-3 (Groundball, 5, EV 81.2 MPH)
Top of the 1st over - 2 runs, 1 hit, 1 error, 0 left on base; Bowling Green 2 - Delmarva 0
BOTTOM OF THE 1ST
Delmarva Shorebirds batting - Pitching for Bowling Green Hot Rods : RHP Julio Trejo
Pitching: RHP Julio Trejo
Batting: RHB Josh Hopp 0-0: Called Strike
0-1: Called Strike
0-2: Strikes out swinging
Batting: LHB Eric Jackson 0-0: Called Strike
0-1: Foul Ball, location: 2F
0-2: Strikes out looking
Batting: RHB Daniel Jackson 0-0: Ball
1-0: SINGLE (Line Drive, 34D, EV 103.8 MPH)
Batting: RHB Steve Jones 0-0: Ball
1-0: Fielders Choice at 2nd, U6 (Groundball, 6M, EV 98.8 MPH)
Bottom of the 1st over - 0 runs, 1 hit, 0 errors, 1 left on base; Bowling Green 2 - Delmarva 0
TOP OF THE 2ND
Bowling Green Hot Rods batting - Pitching for Delmarva Shorebirds : RHP Wes Reynolds
Batting: LHB Sean Banks 0-0: Ball
1-0: Called Strike
1-1: Ball
2-1: SINGLE (Line Drive, 89S, EV 95.6 MPH)
Batting: RHB Jason Penfield 0-0: Called Strike
Sean Banks steals 2nd base
0-1: Ball
Wild Pitch!
Sean Banks to third
1-1: Called Strike
1-2: Ball
2-2: Strikes out swinging
Batting: RHB Jim Erdody 0-0: Foul Ball, location: 2F
0-1: Called Strike
0-2: Foul Ball, location: 2F
0-2: Strikes out swinging
Batting: RHB Bazyli Andrysiak 0-0: Called Strike
0-1: Foul Ball, location: 2F
0-2: Ball
1-2: Strikes out swinging
Top of the 2nd over - 0 runs, 1 hit, 0 errors, 1 left on base; Bowling Green 2 - Delmarva 0
BOTTOM OF THE 2ND
Delmarva Shorebirds batting - Pitching for Bowling Green Hot Rods : RHP Julio Trejo
Batting: RHB Ethan Finke 0-0: Called Strike
0-1: Called Strike
0-2: Ball
1-2: Ball
2-2: Strikes out looking
Batting: RHB Francisco Viera 0-0: Ball
1-0: Called Strike
1-1: Called Strike
1-2: Foul Ball, location: 2F
1-2: Foul Ball, location: 2F
1-2: Ball
2-2: Ground out 3-1 (Groundball, 34, EV 82.5 MPH)
Batting: RHB Mike Pitts 0-0: Ball
1-0: Fly out, F3 (Popup, 34, EV 65.0 MPH)
Bottom of the 2nd over - 0 runs, 0 hits, 0 errors, 0 left on base; Bowling Green 2 - Delmarva 0
TOP OF THE 3RD
Bowling Green Hot Rods batting - Pitching for Delmarva Shorebirds : RHP Wes Reynolds
Batting: RHB Adam Turpin 0-0: Ground out U3 (Groundball, 34, EV 108.1 MPH)
Batting: SHB Wayne Hattan 0-0: Called Strike
0-1: Ball
1-1: Swinging Strike
1-2: Strikes out looking
Batting: LHB Mario Ocana 0-0: DOUBLE (Flyball, 78XD, EV 109.4 MPH)
Batting: LHB Rich Matthews 0-0: Called Strike
0-1: Ground out 4-3 (Groundball, 4M, EV 88.1 MPH)
Top of the 3rd over - 0 runs, 1 hit, 0 errors, 1 left on base; Bowling Green 2 - Delmarva 0
BOTTOM OF THE 3RD
Delmarva Shorebirds batting - Pitching for Bowling Green Hot Rods : RHP Julio Trejo
Batting: RHB Mike Zepeda 0-0: Swinging Strike
0-1: Ball
1-1: Ball
2-1: Swinging Strike
2-2: Ball
3-2: Strikes out swinging
Batting: SHB Jared Boyce 0-0: Foul Ball, location: 2F
0-1: Foul Ball, location: 2F
0-2: Strikes out swinging
Batting: RHB Josh Hopp 0-0: Called Strike
0-1: Called Strike
0-2: Ball
1-2: Foul Ball, location: 2F
1-2: Ball
2-2: Ball
3-2: Strikes out swinging
Bottom of the 3rd over - 0 runs, 0 hits, 0 errors, 0 left on base; Bowling Green 2 - Delmarva 0
TOP OF THE 4TH
Bowling Green Hot Rods batting - Pitching for Delmarva Shorebirds : RHP Wes Reynolds
Batting: RHB Isaiah Easter 0-0: Called Strike
0-1: Foul Ball, location: 2F
0-2: Foul Ball, location: 2F
0-2: Ball
1-2: Ground out 3-1 (Groundball, 34, EV 88.8 MPH)
Batting: LHB Sean Banks 0-0: Ball
1-0: Called Strike
1-1: Ground out 4-3 (Groundball, 4, EV 84.4 MPH)
Batting: RHB Jason Penfield 0-0: Ball
1-0: Fly out, F6 (Popup, 6, EV 78.8 MPH)
Top of the 4th over - 0 runs, 0 hits, 0 errors, 0 left on base; Bowling Green 2 - Delmarva 0
BOTTOM OF THE 4TH
Delmarva Shorebirds batting - Pitching for Bowling Green Hot Rods : RHP Julio Trejo
Batting: LHB Eric Jackson 0-0: Ball
1-0: SINGLE (Line Drive, 6MD, EV 100.0 MPH)
Batting: RHB Daniel Jackson 0-0: Ball
Eric Jackson is caught stealing 2nd base 2-4
1-0: Ground out 4-3 (Groundball, 4, EV 86.2 MPH)
Batting: RHB Steve Jones 0-0: Ball
1-0: SOLO HOME RUN (Flyball, 78XD, EV 106.9 MPH), Distance : 429 ft
Batting: RHB Ethan Finke 0-0: Called Strike
0-1: Foul Ball, location: 2F
0-2: Ball
1-2: Foul Ball, location: 2F
1-2: Fly out, F7 (Flyball, 7S, EV 86.2 MPH)
Bottom of the 4th over - 1 run, 2 hits, 0 errors, 0 left on base; Bowling Green 2 - Delmarva 1
TOP OF THE 5TH
Bowling Green Hot Rods batting - Pitching for Delmarva Shorebirds : RHP Wes Reynolds
Batting: RHB Jim Erdody 0-0: Ball
1-0: Ground out 5-3 (Groundball, 56S, EV 79.4 MPH)
Batting: RHB Bazyli Andrysiak 0-0: Foul Ball, location: 2F
0-1: Ball
1-1: Foul Ball, location: 2F
1-2: Ball
2-2: Ground out 5-3 (Groundball, 56, EV 88.1 MPH)
Batting: RHB Adam Turpin 0-0: Called Strike
0-1: Ball
1-1: Foul Ball, location: 2F
1-2: Strikes out swinging
Top of the 5th over - 0 runs, 0 hits, 0 errors, 0 left on base; Bowling Green 2 - Delmarva 1
BOTTOM OF THE 5TH
Delmarva Shorebirds batting - Pitching for Bowling Green Hot Rods : RHP Julio Trejo
Batting: RHB Francisco Viera 0-0: Ball
1-0: Foul Ball, location: 2F
1-1: Ball
2-1: Ball
3-1: Hit by Pitch
Batting: RHB Mike Pitts 0-0: SINGLE (Groundball, 6D, EV 96.9 MPH)
Francisco Viera to second
Batting: RHB Mike Zepeda 0-0: Foul Ball, location: 2F
0-1: Ball
1-1: Foul Ball, location: 2F
1-2: Strikes out swinging
Batting: SHB Jared Boyce 0-0: Ball
1-0: Grounds into double play, 3-6-3 (Groundball, 34, EV 96.2 MPH)
Bottom of the 5th over - 0 runs, 1 hit, 0 errors, 1 left on base; Bowling Green 2 - Delmarva 1
TOP OF THE 6TH
Bowling Green Hot Rods batting - Pitching for Delmarva Shorebirds : RHP Wes Reynolds
Batting: SHB Wayne Hattan 0-0: Ball
1-0: Swinging Strike
1-1: Ball
2-1: Fly out, F6 (Line Drive, 6MD, EV 65.6 MPH)
Batting: LHB Mario Ocana 0-0: Ball
1-0: Ball
2-0: Foul Ball, location: 2F
2-1: Foul Ball, location: 2F
2-2: Foul Ball, location: 2F
2-2: SOLO HOME RUN (Flyball, 9LD, EV 93.8 MPH), Distance : 336 ft
Batting: LHB Rich Matthews 0-0: Ball
1-0: Called Strike
1-1: Swinging Strike
1-2: Ground out 4-3 (Groundball, 4M, EV 90.0 MPH)
Batting: RHB Isaiah Easter 0-0: Ball
1-0: Called Strike
1-1: SINGLE (Line Drive, 6MD, EV 107.5 MPH)
Batting: LHB Sean Banks 0-0: Called Strike
Isaiah Easter steals 2nd base
0-1: Ground out 3-1 (Groundball, 34S, EV 89.4 MPH)
Top of the 6th over - 1 run, 2 hits, 0 errors, 1 left on base; Bowling Green 3 - Delmarva 1
BOTTOM OF THE 6TH
Delmarva Shorebirds batting - Pitching for Bowling Green Hot Rods : RHP Julio Trejo
Batting: RHB Josh Hopp 0-0: Ground out 6-3 (Groundball, 6MS, EV 90.6 MPH)
Batting: LHB Eric Jackson 0-0: Ball
1-0: Fly out, F9 (Flyball, 9LMF, EV 98.1 MPH)
Batting: RHB Daniel Jackson 0-0: Ball
1-0: Called Strike
1-1: Called Strike
1-2: Ground out 4-3 (Groundball, 4, EV 89.4 MPH)
Bottom of the 6th over - 0 runs, 0 hits, 0 errors, 0 left on base; Bowling Green 3 - Delmarva 1
TOP OF THE 7TH
Bowling Green Hot Rods batting - Pitching for Delmarva Shorebirds : RHP Wes Reynolds
Batting: RHB Jason Penfield 0-0: Ball
1-0: Ball
2-0: Called Strike
2-1: SINGLE (Groundball, 6M, EV 108.1 MPH)
Pitching: LHP Justin Hinton
Batting: RHB Jim Erdody 0-0: Called Strike
0-1: Called Strike
0-2: Ball
1-2: DOUBLE (Line Drive, 7LS, EV 96.9 MPH)
Jason Penfield to third
Runner from 3rd tries for Home, SAFE, throw by LF to trailing runner, SAFE at third!
Batting: RHB Bazyli Andrysiak 0-0: Swinging Strike
0-1: Ball
1-1: Foul Ball, location: 2F
1-2: Ground out 4-3 (Groundball, 4, EV 88.1 MPH)
Batting: RHB Adam Turpin 0-0: Called Strike
0-1: 2-RUN HOME RUN (Flyball, 9D, EV 96.2 MPH), Distance : 355 ft
Batting: SHB Wayne Hattan 0-0: Called Strike
0-1: Fly out, F4 (Popup, 34S, EV 84.4 MPH)
Batting: LHB Mario Ocana 0-0: Ball
1-0: Ball
2-0: SINGLE (Groundball, 4MD, EV 101.2 MPH)
Batting: LHB Rich Matthews 0-0: Called Strike
0-1: Ball
1-1: Fly out, F9 (Flyball, 9, EV 89.4 MPH)
Top of the 7th over - 3 runs, 4 hits, 0 errors, 1 left on base; Bowling Green 6 - Delmarva 1
BOTTOM OF THE 7TH
Delmarva Shorebirds batting - Pitching for Bowling Green Hot Rods : RHP Julio Trejo
Batting: RHB Steve Jones 0-0: Called Strike
0-1: Ball
1-1: Ball
2-1: Called Strike
2-2: Strikes out swinging
Batting: RHB Ethan Finke 0-0: SINGLE (Groundball, 56D, EV 103.1 MPH) (infield hit)
Batting: RHB Francisco Viera 0-0: Ball
1-0: Grounds into double play, 6-4-3 (Groundball, 6, EV 103.1 MPH)
Bottom of the 7th over - 0 runs, 1 hit, 0 errors, 0 left on base; Bowling Green 6 - Delmarva 1
TOP OF THE 8TH
Bowling Green Hot Rods batting - Pitching for Delmarva Shorebirds : LHP Justin Hinton
Batting: RHB Isaiah Easter 0-0: Foul Ball, location: 2F
0-1: Ball
1-1: Foul Ball, location: 2F
1-2: Fly out, F7 (Flyball, 7, EV 95.0 MPH)
Batting: LHB Sean Banks 0-0: Called Strike
0-1: Ball
1-1: Swinging Strike
1-2: Foul Ball, location: 2F
1-2: Strikes out swinging
Batting: RHB Jason Penfield 0-0: Hit by Pitch
Batting: RHB Jim Erdody 0-0: Ball
1-0: Ball
2-0: Foul Ball, location: 2F
2-1: Ball
3-1: Fly out, F9 (Flyball, 9S, EV 93.8 MPH)
Top of the 8th over - 0 runs, 0 hits, 0 errors, 1 left on base; Bowling Green 6 - Delmarva 1
BOTTOM OF THE 8TH
Delmarva Shorebirds batting - Pitching for Bowling Green Hot Rods : RHP Julio Trejo
Batting: RHB Mike Pitts 0-0: Ball
1-0: Ground out 5-3 (Groundball, 56, EV 86.9 MPH)
Batting: RHB Mike Zepeda 0-0: Fly out, F9 (Flyball, 89S, EV 90.0 MPH)
Batting: SHB Jared Boyce 0-0: Swinging Strike
0-1: Ground out 6-3 (Groundball, 6M, EV 105.0 MPH)
Bottom of the 8th over - 0 runs, 0 hits, 0 errors, 0 left on base; Bowling Green 6 - Delmarva 1
TOP OF THE 9TH
Bowling Green Hot Rods batting - Pitching for Delmarva Shorebirds : LHP Justin Hinton
Batting: RHB Bazyli Andrysiak 0-0: Fly out, F8 (Line Drive, 8RD, EV 91.2 MPH)
Batting: RHB Adam Turpin 0-0: Ball
1-0: Swinging Strike
1-1: Ball
2-1: Called Strike
2-2: Ball
3-2: Foul Ball, location: 2F
3-2: Base on Balls
Pitching: LHP Armando Florez
Batting: SHB Wayne Hattan 0-0: Ball
1-0: Fly out, F3 (Popup, 3, EV 75.0 MPH)
Batting: LHB Mario Ocana 0-0: Ball
Adam Turpin steals 2nd base (no throw)
1-0: Ball
2-0: Foul Ball, location: 2F
2-1: Foul Ball, location: 2F
2-2: Ground out 4-3 (Groundball, 34D, EV 85.0 MPH)
Top of the 9th over - 0 runs, 0 hits, 0 errors, 1 left on base; Bowling Green 6 - Delmarva 1
BOTTOM OF THE 9TH
Delmarva Shorebirds batting - Pitching for Bowling Green Hot Rods : RHP Julio Trejo
Batting: RHB Josh Hopp 0-0: Called Strike
0-1: Foul Ball, location: 2F
0-2: Ball
1-2: Strikes out looking
Batting: LHB Eric Jackson 0-0: Called Strike
0-1: Ball
1-1: Ball
2-1: Ball
3-1: SINGLE (Line Drive, 4M, EV 103.1 MPH)
Batting: RHB Daniel Jackson 0-0: Ball
1-0: Ball
2-0: Foul Ball, location: 2F
2-1: Fielders Choice at 2nd, 6-4 (Groundball, 6, EV 82.5 MPH)
Pitching: RHP Kingo Tsutsumi
Batting: RHB Steve Jones 0-0: Called Strike
0-1: Swinging Strike
0-2: Strikes out swinging
Bottom of the 9th over - 0 runs, 1 hit, 0 errors, 1 left on base; Bowling Green 6 - Delmarva 1
Tuesday, March 28th , 2023 - OOTP Baseball 23.10 Build 110